 Dungeon Crawl Stone Soup version 0.28-a0-909-g796cbd3a86 (webtiles) character file.

Game seed: 12736579459853499735

723 timneilson the Covered (level 7, -2/66 HPs)
             Began as a Gargoyle Fighter on Nov 25, 2021.
             Was a Follower of Okawaru.
             Slain by a black bear (7 damage)
             ... on level 5 of the Dungeon.
             The game lasted 00:09:37 (4122 turns).

timneilson the Covered (Gargoyle Fighter)           Turns: 4122, Time: 00:09:38

Health: -2/66      AC:  7    Str: 21    XL:     7   Next: 71%
Magic:  8/8        EV: 12    Int:  9    God:    Okawaru [*.....]
Gold:   205        SH:  4    Dex:  9    Spells: 6/6 levels left

rFire   . . .      SeeInvis .   a - +0 long sword
rCold   + . .      Faith    .   c - +0 buckler
rNeg    + . .      Spirit   .   s - +0 chain mail
rPois   ∞          Reflect  .   (no helmet)
rElec   +          Harm     .   (no cloak)
rCorr   .          Rampage  .   k - +0 pair of gloves
Will    .....                   (no boots)
Stlth   ..........              (no amulet)
HPRegen 0.21/turn               h - +4 ring of evasion
MPRegen 0.11/turn               q - ring of protection from cold

@: berserking, corroded, very quick
A: sickness immunity, AC +4, negative energy resistance 1, electricity
resistance, torment resistance 1, petrification resistance
a: Renounce Religion, Heroism


You were on level 5 of the Dungeon.
You worshipped Okawaru.
Okawaru was aware of your devotion.
You visited 1 branch of the dungeon, and saw 5 of its levels.

You collected 205 gold pieces.

Inventory:

Hand Weapons
 a - a +0 long sword (weapon)
Armour
 c - a +0 buckler (worn)
 k - a +0 pair of gloves (worn)
 s - a +0 chain mail (worn)
Jewellery
 h - a +4 ring of evasion (left hand)
 q - a ring of protection from cold (right hand)
Wands
 r - a wand of iceblast (13)
Scrolls
 p - a scroll of magic mapping {unknown}
Potions
 b - a potion of haste {unknown}
 d - a potion of might
 e - 2 potions of magic
 f - 4 potions of curing
 g - a potion of lignification {unknown}
 i - a potion of heal wounds {unknown}
 j - a potion of attraction {unknown}
 l - a potion of flight {unknown}
 m - a potion of brilliance {unknown}
 n - a potion of degeneration {unknown}
 o - a potion of berserk rage


   Skills:
 + Level 4.4 Fighting
 * Level 3.9 Long Blades
 * Level 5.3 Armour
 + Level 2.0 Dodging
 * Level 5.2 Shields
 + Level 2.3 Invocations
 + Level 0.8 Evocations


You had 6 spell levels left.
You didn't know any spells.
Your spell library contained the following spells:

 Spells                   Type           Power      Damage    Failure   Level
 Freeze                   Ice            0%         1d3       98%         1
 Slow                     Hex            0%         N/A       98%         1
 Confusing Touch          Hex            0%         N/A       100%        3
 Frozen Ramparts          Ice            0%         1d2       100%        3
 Hailstorm                Conj/Ice       0%         3d3       100%        4
 Yara's Violent Unravell  Hex/Tmut       0%         3d3       100%        5


Dungeon Overview and Level Annotations

Branches:
Dungeon (5/15)
 Temple: D:4-7

Altars:
Okawaru
The Shining One

Shops:
D:2 *=


Innate Abilities, Weirdness & Mutations

You are immune to sickness and miasma.
Your stone body is resilient. (AC +4)
You are immune to poison.
You resist negative energy. (rN+)
You are resistant to electric shocks. (rElec)
You are resistant to unholy torment.
You are immune to petrification.


Message History

You hit the jelly. The acid corrodes you!
Your hands burn!
The jelly is moderately wounded.
The jelly hits you. The acid corrodes you!
You are splashed with acid!
You hit the jelly.
Your hands burn!
* * * LOW HITPOINT WARNING * * *
The jelly is moderately wounded.
You block the jelly's attack.
You barely miss the jelly.
The jelly is moderately wounded.
The jelly barely misses you.
You hit the jelly.
Your hands burn!
* * * LOW HITPOINT WARNING * * *
The jelly is heavily wounded.
The jelly closely misses you. Why would you want to do that?
It was a potion of berserk rage.
A red film seems to cover your vision as you go berserk!
You feel yourself moving faster!
You feel mighty! You block the jelly's attack.
You slash the jelly!
You kill the jelly!
Okawaru accepts your kill.
You barely miss the water moccasin skeleton.
You slash the black bear!
The black bear is heavily wounded.
You feel like a meek peon again.
You hit the black bear.
The black bear is severely wounded.
You hit the black bear.
The black bear is almost dead.
The black bear goes berserk!
You hit the black bear.
The black bear is almost dead.
The black bear bites you!
* * * LOW HITPOINT WARNING * * *
You block the black bear's attack. The black bear claws you.
* * * LOW HITPOINT WARNING * * *
You barely miss the black bear.
The black bear is almost dead.
The black bear bites you!
You die...

######.....)....................
##.......#....###..........
##...##.##...# #..........
#...........# #...<......
#...≈≈≈.....# #....<.....
#..§≈§≈≈....# #....(.....
#§§§≈_§≈Z...# #..........
#§.≈≈.≈≈h#### #..........
#..§§.≈≈@# ###########
#..≈≈.≈§.# #..≈...§.# ..≈.8.≈.#
........# .....#### #####


You could see a black bear (berserk) and a water moccasin skeleton.

Vanquished Creatures
  A water moccasin (D:5)
  3 scorpions
  A jelly (D:5)
  3 hounds
  A bullfrog skeleton (D:4)
  An orc priest (D:3)
  Ijyb (D:5)
  An orc wizard (D:3)
  A hound skeleton (D:4)
  7 adders
  4 gnolls (D:4)
  3 worms
  2 dart slugs (D:1)
  12 orcs
  4 endoplasms
  3 giant cockroaches
  8 goblins
  7 hobgoblins
  A quokka (D:3)
  8 ball pythons
  7 bats
  6 frilled lizards
  6 kobolds
  6 rats
97 creatures vanquished.

Notes
Turn   | Place    | Note
-------+----------+-------------------------------------------
     0 | D:1      | timneilson the Gargoyle Fighter began the quest for the
                  | Orb.
     0 | D:1      | Reached XP level 1. HP: 14/14 MP: 1/1
   122 | D:1      | Reached XP level 2. HP: 19/19 MP: 2/2
   678 | D:2      | Found an iron altar of Okawaru.
   694 | D:2      | Became a worshipper of Warmaster Okawaru
   722 | D:2      | Reached XP level 3. HP: 18/23 MP: 3/3
   921 | D:2      | Reached XP level 4. HP: 19/28 MP: 4/4
  1316 | D:2      | Found Cicwe's Assorted Antiques.
  1518 | D:2      | Found Qitaifee's Jewellery Boutique.
  1964 | D:3      | Reached skill level 1 in Dodging
  1964 | D:3      | Reached XP level 5. HP: 15/33 MP: 5/5
  2266 | D:3      | Reached skill level 1 in Invocations
  2507 | D:3      | Reached * piety under Okawaru
  2508 | D:3      | Reached XP level 6. HP: 33/38 MP: 5/7
  3451 | D:4      | Reached XP level 7. HP: 20/43 MP: 8/8
  4028 | D:5      | Entered Level 5 of the Dungeon
  4039 | D:5      | Reached skill level 5 in Armour
  4048 | D:5      | Found a glowing golden altar of the Shining One.
  4053 | D:5      | Noticed Ijyb
  4067 | D:5      | Killed Ijyb
  4068 | D:5      | Reached skill level 5 in Shields
  4122 | D:5      | Slain by a black bear

Illustrated notes

Levels and vault maps discovered:
D:1:      tarquinn_simple_flora_water_c, layout_rooms
D:2:      layout_basic, serial_shops, nicolae_shop_statue_plus,
          nicolae_diamond_shop, basic_altar
D:3:      layout_loops_ring, minmay_fractal_squares_5
D:4:      layout_layer_cave
D:5:      layout_rooms, mainiacjoe_overflow_catwalk,
          minmay_temple_entry_junction, cheibrodos_sewer_entry_drain,
          dk_noncrumbling_3, uniq_ijyb, uniq_edmund

Skill      XL: |  1  2  3  4  5  6  7 |
---------------+----------------------+-----
Long Blades    | 2 3 |  3.9
Armour         | 4 5 |  5.3
Shields        | 4 5 |  5.2
Dodging        | 1 2 |  2.0
Invocations    | 1 2 |  2.3
Fighting       | 4 |  4.4
Evocations     | |  0.8

Action                   |  1- 3 |  4- 6 |  7- 9 || total
-------------------------+-------+-------+-------++-------
Melee: Long sword        |    93 |   262 |    64 ||   419
Invok: Heroism           |       |     3 |     1 ||     4
  Use: Scroll            |     1 |     1 |     2 ||     4
       Potion            |       |       |     1 ||     1
Armor: Scale mail        |    42 |   126 |       ||   168
       Chain mail        |       |       |    46 ||    46
Dodge: Dodged            |    54 |   263 |    71 ||   388
Block: Buckler           |    15 |    66 |    22 ||   103

Table legend: (Time is in decaauts)
 A = Elapsed time spent in this place.
 B = Non-inter-level travel time spent in this place.
 C = Inter-level travel time spent in this place.
 D = Time resting spent in this place.
 E = Time spent auto-exploring this place.
 F = Levels seen in this place.
 G = Mean time per level.
                   A        B        C        D        E       F      G
               +--------+--------+--------+--------+--------+-----+--------+
         Total |   4214 |   4144 |     70 |    200 |   2962 |   5 |  842.8 |
       Dungeon |   4214 |   4144 |     70 |    200 |   2962 |   5 |  842.8 |
               +--------+--------+--------+--------+--------+-----+--------+

Top non-repeatable levels by time:
     D:3: 1369 daAuts
     D:4: 1038 daAuts
     D:2: 1017 daAuts
     D:1: 691 daAuts
     D:5: 97 daAuts
